 Dungeon Crawl Stone Soup version 0.21-a0-525-ga34b322 (webtiles) character file.

7711 Astral24 the Severer (level 11, -3/94 HPs)
             Began as a Hill Orc Fighter on Dec 7, 2017.
             Was a High Priest of the Shining One.
             Shot with an arrow by a centaur (11 damage)
             ... on level 11 of the Dungeon.
             The game lasted 00:58:56 (11423 turns).

Astral24 the Severer (Hill Orc Fighter)            Turns: 11423, Time: 00:58:56

Health: -3/94      AC:  6    Str: 28    XL:     11   Next: 19%
Magic:  8/11       EV: 13    Int:  8    God:    the Shining One [*****.]
Gold:   572        SH:  6    Dex: 14    Spells: 10/10 levels left

rFire    + . .     SeeInvis .   L - +1 battleaxe (elec)
rCold    + . .     Gourm    .   (shield currently unavailable)
rNeg     + + +     Faith    .   G - +3 leather armour of Compassion {rN+}
rPois    +         Spirit   .   (no helmet)
rElec    +         Reflect  .   (no cloak)
rCorr    +         Harm     .   (no gloves)
MR       .....                  (no boots)
Stlth    +.........             j - amulet "Owadir" {+Rage rPois Dex+2}
HPRegen  0.25/turn              q - ring of stealth
MPRegen  0.12/turn              w - +2 ring of dexterity

@: mighty, divine shield, resistant, glowing
A: no striking features
a: Divine Shield, Cleansing Flame, Summon Divine Warrior, Renounce Religion,
Evoke Berserk Rage


You were on level 11 of the Dungeon.
You worshipped the Shining One.
The Shining One was extremely pleased with you.
You were not hungry.

You visited 2 branches of the dungeon, and saw 12 of its levels.
You also visited: Ossuary.

You collected 572 gold pieces.

Inventory:

Hand Weapons
 a - a +0 war axe
 p - a +3 war axe
 L - a +1 battleaxe of electrocution (weapon)
Missiles
 n - 323 stones (quivered)
 H - 13 tomahawks
 M - 5 exploding tomahawks
Armour
 b - a +0 scale mail
 c - a +0 shield
 x - a +2 leather armour of positive energy
 G - the +3 leather armour of Compassion (worn) {rN+}
   (You found it on level 6 of the Dungeon)

   It protects you from negative energy.
 W - a +2 buckler
Jewellery
 j - the amulet "Owadir" (around neck) {+Rage rPois Dex+2}
   (You acquired it on level 9 of the Dungeon)

   [amulet of rage]

   It affects your dexterity (+2).
   It protects you from poison.
   It lets you go berserk.
 q - a ring of stealth (left hand)
 w - a +2 ring of dexterity (right hand)
 C - an uncursed amulet of rage {unknown}
 I - an uncursed ring of see invisible
 K - an uncursed ring of protection from cold
 S - an uncursed ring of wizardry
Wands
 t - a wand of paralysis (17)
 y - a wand of digging (19)
 z - a wand of flame (51)
Scrolls
 e - 9 scrolls of remove curse
 i - 3 scrolls of identify
 o - a scroll of teleportation
 D - a scroll of blinking
 F - 2 scrolls of holy word
 J - a scroll of immolation
 N - 2 scrolls of fog
 V - a scroll of fear
Potions
 d - a potion of lignification {unknown}
 g - a potion of haste {unknown}
 l - 5 potions of cancellation
 m - 7 potions of curing
 u - 5 potions of degeneration
 B - a potion of berserk rage {unknown}
 E - a potion of magic {unknown}
 P - a potion of invisibility
 T - a potion of agility
Books
 s - a book of Conjurations

   Spells                             Type                      Level
   a - Magic Dart                     Conjuration                  1
   b - Searing Ray                    Conjuration                  2
   c - Dazzling Spray                 Conjuration/Hexes            3
   d - Fulminant Prism                Conjuration/Hexes            4
   e - Force Lance                    Conjuration/Translocation    4
   f - Iskenderun's Mystic Blast      Conjuration                  4
 v - a book of Cantrips

   Spells                             Type                      Level
   a - Confusing Touch                Hexes                        1
   b - Animate Skeleton               Necromancy                   1
   c - Summon Small Mammal            Summoning                    1
   d - Apportation                    Translocation                1
 R - a book of the Tempests

   Spells                             Type                      Level
   a - Static Discharge               Conjuration/Air              3
   b - Lightning Bolt                 Conjuration/Air              5
   c - Ignition                       Fire                         8
   d - Tornado                        Air                          9
   e - Shatter                        Earth                        9
 U - a book of Power

   Spells                             Type                      Level
   a - Iskenderun's Battlesphere      Conjuration/Charms           5
   b - Venom Bolt                     Conjuration/Poison           5
   c - Bolt of Magma                  Conjuration/Fire/Earth       5
   d - Iron Shot                      Conjuration/Earth            6
   e - Orb of Destruction             Conjuration                  7
   f - Spellforged Servitor           Conjuration/Summoning        7
Comestibles
 f - 5 bread rations
 r - 5 meat rations
 Q - 27 fruits


   Skills:
 + Level 7.9 Fighting
 * Level 16.5 Axes
 + Level 6.3 Armour
 + Level 3.3 Dodging
 + Level 1.3 Stealth
 + Level 6.3 Shields
 + Level 0.9 Evocations


You had 10 spell levels left.
You didn't know any spells.

Dungeon Overview and Level Annotations

Branches:
Dungeon (11/15)            Temple (1/1) D:4             Orc (0/2) D:9
   Lair: D:8-11

Altars:
Ashenzari
Cheibriados
Dithmenos
Elyvilon
Fedhas
Gozag
Hepliaklqana
Kikubaaqudgha
Makhleb
Nemelex Xobeh
Okawaru
Qazlal
Ru
Sif Muna
Trog
Uskayaw
Vehumet
Wu Jian
Xom
Yredelemnul
Zin
The Shining One

Shops:
D:5 :   D:8 (   D:9 [


Message History

The centaur shoots an arrow.
The arrow closely misses you.
The centaur shoots an arrow.
You block the arrow.
The centaur shoots an arrow.
The arrow hits you!
* * * LOW HITPOINT WARNING * * *
Your divine halo glows too radiantly to become invisible.
Unknown command.
You feel protected.
The centaur shoots an arrow.
The arrow hits you.
* * * LOW HITPOINT WARNING * * *
The centaur shoots an arrow.
You block the arrow.
You feel very mighty all of a sudden.
The centaur shoots an arrow.
The arrow misses you.
The centaur shoots an arrow.
You block the arrow.
The centaur wields a shortbow.
The centaur shoots an arrow.
The arrow hits you!
* * * LOW HITPOINT WARNING * * *
You slash the centaur! Lightning courses through the centaur!
You kill the centaur!
You barely miss the orc.
The centaur shoots an arrow.
The arrow barely misses you.
The centaur shoots an arrow.
The arrow hits you!
You die...

#.#
###################.#
...(..............[)#
....................#
....................#
.....c..............#
.....c.....(........#
.....c.....$........#
....c:)@((.(........#
......o..($.........#
...........(........#
#####################


You could see 4 centaurs and an orc.

Vanquished Creatures
  The ghost of RexxRaptorr the Carver, a journeyman DrAs of Okawaru (D:10)
  An unseen horror (D:10)
  A centaur skeleton (D:8)
  2 trolls (D:10)
  Sigmund (D:3)
  A hungry ghost (D:7)
  2 orc warriors (D:7)
  An ice beast (D:8)
  The ghost of Astral24 the Chopper, an amateur HOFi (D:3)
  5 phantoms
  4 ogres
  6 centaurs
  A crocodile (D:10)
  A big kobold (D:8)
  4 bullfrogs
  A wyvern skeleton (D:10)
  12 scorpions
  A troll zombie (D:9)
  7 wights (D:9)
  6 howler monkeys
  2 centaur zombies
  6 crimson imps
  2 jellies
  4 hounds
  6 human zombies
  4 orc priests
  6 orc wizards
  2 bullfrog skeletons
  Ijyb (D:3)
  Terence (D:3)
  2 human skeletons (D:9)
  2 iguanas
  12 worker ants
  8 ogre zombies (D:9)
  2 big kobold zombies (Ossuary)
  4 mummies
  A hound skeleton (D:7)
  2 worker ant zombies
  3 gnolls (D:4)
  12 adders
  2 scorpion zombies (Ossuary)
  A shadow imp (D:6)
  An ooze (D:3)
  An adder skeleton (D:7)
  A worm (D:2)
  A dart slug (D:1)
  2 leopard geckos
  20 orcs
  8 bats
  7 giant cockroaches
  13 goblins
  2 hobgoblins
  7 jackals (D:1)
  8 kobolds
  4 quokkas
  6 frilled lizards
  A giant cockroach zombie (D:5)
  2 gnoll zombies (Ossuary)
  A goblin skeleton (D:9)
  4 goblin zombies
  3 hobgoblin skeletons (D:9)
  3 hobgoblin zombies
  A jackal zombie (D:7)
  4 kobold zombies (Ossuary)
  6 orc skeletons (D:9)
  14 orc zombies
  A quokka zombie (D:6)
  7 rats
272 creatures vanquished.

Notes
Turn   | Place    | Note
-------+----------+-------------------------------------------
     0 | D:1      | Astral24 the Hill Orc Fighter began the quest for the Orb.
     0 | D:1      | Reached XP level 1. HP: 19/19 MP: 1/1
    58 | D:1      | Reached skill level 3 in Axes
    69 | D:1      | Reached XP level 2. HP: 18/27 MP: 2/2
   446 | D:1      | Reached XP level 3. HP: 33/33 MP: 3/3
  1004 | D:1      | Reached skill level 4 in Axes
  1197 | D:2      | Found a sparkling altar of Nemelex Xobeh.
  1231 | D:2      | Found a white marble altar of Elyvilon.
  1808 | D:2      | Found a burning altar of Makhleb.
  1822 | D:2      | Reached XP level 4. HP: 25/40 MP: 4/4
  1944 | D:3      | Found an ornate altar of the Wu Jian Council.
  1947 | D:3      | Found an opulent altar of Gozag.
  2061 | D:3      | Noticed Astral24's ghost (amateur HOFi)
  2311 | D:3      | Killed Astral24's ghost
  2311 | D:3      | Reached skill level 5 in Axes
  2311 | D:3      | Reached XP level 5. HP: 16/46 MP: 5/5
  2594 | D:3      | Reached XP level 6. HP: 51/53 MP: 6/6
  2618 | D:3      | Found a radiant altar of Vehumet.
  2731 | D:3      | Noticed Terence
  2737 | D:3      | Killed Terence
  2741 | D:3      | Noticed Sigmund
  2750 | D:3      | Noticed Ijyb
  2756 | D:3      | Paralysed by Ijyb for 4 turns
  2766 | D:3      | Killed Ijyb
  2776 | D:3      | HP: 2/55 [something (2)]
  2778 | D:3      | Killed Sigmund
  2778 | D:3      | Reached skill level 5 in Fighting
  2778 | D:3      | Reached skill level 6 in Axes
  2778 | D:3      | Reached skill level 1 in Dodging
  2778 | D:3      | Reached XP level 7. HP: 3/61 MP: 7/7
  3144 | D:3      | Found a faded altar of an unknown god.
  3475 | D:4      | Reached skill level 7 in Axes
  3526 | D:4      | Found a glowing silver altar of Zin.
  3526 | D:4      | Noticed an angel
  3554 | D:4      | Reached skill level 5 in Armour
  3728 | D:4      | Found a staircase to the Ecumenical Temple.
  3734 | Temple   | Entered the Ecumenical Temple
  3858 | Temple   | Became a worshipper of the Shining One
  3905 | D:4      | Found a stormy altar of Qazlal.
  4158 | D:4      | HP: 3/61 [poisoned by a worker ant]
  4160 | D:4      | Reached skill level 5 in Shields
  4168 | D:4      | HP: 2/61 [worker ant (4)]
  4481 | D:4      | Found a shadowy altar of Dithmenos.
  4669 | D:5      | Entered Level 5 of the Dungeon
  4703 | D:5      | Reached XP level 8. HP: 61/68 MP: 8/8
  4711 | D:5      | Found a shimmering altar of Xom.
  4733 | D:5      | Reached skill level 8 in Axes
  4736 | D:5      | Found Fagishro's Book Boutique.
  4948 | D:5      | Found a sacrificial altar of Ru.
  4954 | D:5      | Reached * piety under the Shining One
  4954 | D:5      | Reached skill level 9 in Axes
  4972 | D:5      | Found a blossoming altar of Fedhas.
  5380 | D:6      | Found a sand-covered staircase.
  5387 | Ossuary  | Entered an ossuary
  5657 | Ossuary  | Reached ** piety under the Shining One
  5669 | Ossuary  | Reached skill level 10 in Axes
  5817 | Ossuary  | Reached XP level 9. HP: 45/75 MP: 9/9
  5980 | Ossuary  | Reached skill level 11 in Axes
  6128 | D:6      | Got a twisted leather armour
  6139 | D:6      | Identified the +3 leather armour of Compassion {rN+} (You found it on level 6 of the Dungeon)
  6246 | D:6      | Reached *** piety under the Shining One
  7205 | D:7      | Reached skill level 12 in Axes
  8252 | D:8      | Reached skill level 13 in Axes
  8275 | D:8      | Reached skill level 1 in Stealth
  8340 | D:8      | Reached XP level 10. HP: 80/84 MP: 10/10
  8886 | D:8      | Found Rofasuti's Weapon Boutique.
  8902 | D:8      | HP: 4/84 [crimson imp/trident (6)]
  9369 | D:9      | Identified a scroll of acquirement
  9370 | D:9      | Got a smoking bronze amulet
  9371 | D:9      | Identified the amulet "Owadir" {+Rage rPois Dex+2} (You acquired it on level 9 of the Dungeon)
  9446 | D:9      | Reached **** piety under the Shining One
  9446 | D:9      | Reached skill level 14 in Axes
  9629 | D:9      | Found a basalt altar of Yredelemnul.
  9672 | D:9      | Found Locs's Antique Armour Shoppe.
  9737 | D:9      | Reached ***** piety under the Shining One
 10062 | D:9      | Found a staircase to the Orcish Mines.
 10169 | D:9      | Found a snail-covered altar of Cheibriados.
 10770 | D:10     | Entered Level 10 of the Dungeon
 10935 | D:10     | Noticed RexxRaptorr's ghost (journeyman DrAs)
 10945 | D:10     | Killed RexxRaptorr's ghost
 10945 | D:10     | Reached skill level 15 in Axes
 11116 | D:10     | Reached ****** piety under the Shining One
 11116 | D:10     | Reached XP level 11. HP: 93/93 MP: 11/11
 11131 | D:10     | Reached skill level 16 in Axes
 11133 | D:10     | Noticed an unseen horror
 11137 | D:10     | Killed an unseen horror
 11423 | D:11     | Shot with an arrow by a centaur

Vault maps used:
D:1:      nicolae_arrival_washed_ashore, minmay_misc_feat_ornament
D:2:      elyvilon_altar_1, lemuel_crystal_altar, makhleb_blood_cavern_becter
D:3:      vehumet_crystals, grunt_temple_overflow_open,
          chequers_ecumenical_altar_simple_redux, uniq_sigmund, uniq_ijyb,
          uniq_terence
D:4:      zin_angel, lemuel_crystal_altar, minmay_temple_entry_hall,
          nicolae_qazlal_eye_of_the_storm
D:5:      lemuel_round_altar, led_xom_imps, nicolae_overflow_crystal_walls,
          first_bread, serial_shops, nicolae_shop_stone,
          kennysheep_generic_room_10
D:6:      enter_ossuary_4
D:7:      st_stairs_12
D:8:      serial_shops, shop, blue_anna_alchemist, minmay_statues_item
D:9:      lemuel_mausoleum_altar_yredelemnul, kennysheep_little_box,
          zombieorc2_lemuel, serial_shops, shop_statue
D:11:     david_lair_generic, nicolae_trove_entry_path_of_doom, basic_altar
Temple:   nicolae_temple_figure_zero
Ossuary:  ossuary_minmay_scorpions

Skill      XL: |  1  2  3  4  5  6  7  8  9 10 11 |
---------------+----------------------------------+-----
Axes           | 3 4 5 6 7 10 13 15 16 | 16.5
Fighting       | 4 5 6 7 |  7.9
Armour         | 4 5 6 |  6.3
Shields        | 4 5 6 |  6.3
Dodging        | 1 2 3 |  3.3
Stealth        | 1 |  1.3
Evocations     | |  0.9

Action                   |  1- 3 |  4- 6 |  7- 9 | 10-12 || total
-------------------------+-------+-------+-------+-------++-------
Melee: War axe           |   129 |    84 |   402 |       ||   615
       Battleaxe         |       |       |    31 |   189 ||   220
Throw: Stone             |       |       |     2 |     8 ||    10
Invok: Divine Shield     |       |       |       |     1 ||     1
Evoke: Wand              |       |     2 |       |       ||     2
  Use: Potion            |       |     1 |       |     6 ||     7
       Scroll            |       |       |     8 |    16 ||    24
  Eat: Chunk             |     3 |     3 |    17 |     6 ||    29
       Royal jelly       |       |       |     1 |     2 ||     3
Armor: Scale mail        |    73 |    50 |    88 |       ||   211
       Leather armour    |       |       |    25 |    39 ||    64
Dodge: Dodged            |    48 |    30 |   147 |   104 ||   329
Block: Shield            |    71 |    45 |   200 |       ||   316
       Other             |       |       |       |     3 ||     3

Table legend:
 A = Spawn XP
 B = Non-spawn XP
 C = Spawn XP percentage of total XP
 D = Spawn monster count
 E = Non-spawn monster count
 F = Spawn count percentage of total count
 G = Total turns spent on level
                    A         B        C        D         E        F      G
               +---------+---------+-------+---------+---------+-------+---------
         Total |       0 |   11016 |   0.0 |       0 |     272 |   0.0 | 11423
               +---------+---------+-------+---------+---------+-------+---------
           D:1 |       0 |      62 |   0.0 |       0 |      34 |   0.0 |  1115
           D:2 |       0 |      71 |   0.0 |       0 |       9 |   0.0 |  1017
           D:3 |       0 |     501 |   0.0 |       0 |      24 |   0.0 |  1264
           D:4 |       0 |     497 |   0.0 |       0 |      18 |   0.0 |  1137
           D:5 |       0 |     551 |   0.0 |       0 |      20 |   0.0 |   541
           D:6 |       0 |     282 |   0.0 |       0 |      12 |   0.0 |   733
           D:7 |       0 |    1081 |   0.0 |       0 |      24 |   0.0 |  1477
           D:8 |       0 |    1357 |   0.0 |       0 |      13 |   0.0 |  1488
           D:9 |       0 |    1946 |   0.0 |       0 |      64 |   0.0 |  1170
          D:10 |       0 |    3515 |   0.0 |       0 |      18 |   0.0 |   613
          D:11 |       0 |     228 |   0.0 |       0 |       7 |   0.0 |    40
       Ossuary |       0 |     925 |   0.0 |       0 |      29 |   0.0 |   692
               +---------+---------+-------+---------+---------+-------+---------
